 Dungeon Crawl Stone Soup version 0.21-a0-274-gc1afaeb (console) character file.

566 nht the Carver (level 7, -4/78 HPs)
             Began as a Merfolk Berserker on Sept 19, 2017.
             Was a Priest of Trog.
             Slain by reteaz's ghost (10 damage)
             ... on level 4 of the Dungeon.
             The game lasted 00:04:41 (3177 turns).

nht the Carver (Merfolk Berserker)                  Turns: 3177, Time: 00:04:42

Health: -4/78      AC:  2    Str: 23    XL:     7   Next: 32%
Magic:  7/7        EV: 13    Int:  6    God:    Trog [***...]
Gold:   116        SH:  0    Dex: 15    Spells: 6/6 levels left

rFire    . . .     SeeInvis .   a - +0 falchion
rCold    . . .     Gourm    +   (no shield)
rNeg     . . .     Faith    .   b - +0 animal skin
rPois    .         Spirit   .   (no helmet)
rElec    .         Reflect  .   (no cloak)
rCorr    .         Harm     .   (no gloves)
MR       +....                  (no boots)
Stlth    ..........             t - amulet of the gourmand
HPRegen  0.23/turn              p - ring of stealth
MPRegen  0.10/turn              y - ring of protection from magic

@: berserking, very quick
A: change form in water, swift swim, stealthy swim
a: Berserk, Trog's Hand, Burn Spellbooks, Renounce Religion


You were on level 4 of the Dungeon.
You worshipped Trog.
Trog was most pleased with you.
You were very full.

You visited 1 branch of the dungeon, and saw 4 of its levels.

You collected 116 gold pieces.

Inventory:

Hand Weapons
 a - a +0 falchion (weapon)
Missiles
 n - 4 javelins (quivered)
 o - 20 poisoned needles
Armour
 b - a +0 animal skin (worn)
Jewellery
 p - a ring of stealth (left hand)
 t - an amulet of the gourmand (around neck)
 y - a ring of protection from magic (right hand)
Wands
 h - a wand of random effects (31/48)
Scrolls
 d - 5 scrolls of remove curse {unknown}
 e - a scroll of immolation {unknown}
 f - 3 scrolls of enchant armour {unknown}
 g - 4 scrolls of teleportation {unknown}
 j - a scroll of amnesia {unknown}
 q - 4 scrolls of recharging {unknown}
 r - 2 scrolls of identify
 v - a scroll of magic mapping {unknown}
 w - a scroll of enchant weapon {unknown}
Potions
 k - 4 potions of curing
 l - 2 potions of flight
 m - a potion of brilliance
 s - a potion of heal wounds
 u - 4 potions of might
 x - a potion of invisibility
 A - a potion of agility {unknown}
Books
 z - a book of Minor Magic

   Spells                             Type                      Level
   a - Magic Dart                     Conjuration                  1
   b - Blink                          Translocation                2
   c - Call Imp                       Summoning                    2
   d - Slow                           Hexes                        2
   e - Conjure Flame                  Conjuration/Fire             3
   f - Mephitic Cloud                 Conjuration/Poison/Air       3
   Trog disapproves of the use of such an item.
Comestibles
 c - 3 bread rations
 i - 2 royal jellies


   Skills:
 - Level 3.2 Fighting
 + Level 9.0 Long Blades
 - Level 1.3 Armour
 - Level 2.6 Dodging


You had 6 spell levels left.
You didn't know any spells.

Dungeon Overview and Level Annotations

Branches:
Dungeon (4/15)             Temple (0/1) D:4

Altars:
Kikubaaqudgha
Nemelex Xobeh
Sif Muna
Trog

Annotations:
D:4 reteaz's ghost, amateur TrFi


Message History

Reteaz's ghost is nearby!
A red film seems to cover your vision as you go berserk!
You feel yourself moving faster!
You feel mighty!
You feel a lot less full.
You barely miss reteaz's ghost. Reteaz's ghost hits you!
You slash reteaz's ghost!
Reteaz's ghost is moderately damaged.
You slash reteaz's ghost!
Reteaz's ghost is heavily damaged.
Reteaz's ghost hits you!
* * * LOW HITPOINT WARNING * * *
You slash reteaz's ghost!
Reteaz's ghost is severely damaged.
You hit reteaz's ghost.
Reteaz's ghost is severely damaged.
Reteaz's ghost hits you!
* * * LOW HITPOINT WARNING * * *
You hit reteaz's ghost.
Reteaz's ghost is severely damaged.
Reteaz's ghost hits you!
You die...

█...██████████████
█...█............████████
█...█.██.██.............█
███.█.....█..████.████..█
█.█..█..█..██.....██..█
█.█..█..█..█.......█..█
█.......█..█.......█..█
█.......█......_......█
███..>@W██.█......†█..█
█...P..'.█.......█..█
█...P.██.██.....██..█


███████ ████.████... .........█ .██.......█ █████████ You could see reteaz's
ghost.

Vanquished Creatures
  Grinder (D:3)
  An ogre (D:4)
  A scorpion (D:4)
  An orc priest (D:3)
  Jessica (D:2)
  An iguana (D:4)
  2 worker ants (D:4)
  5 adders
  3 oozes
  A worm (D:3)
  A dart slug (D:1)
  2 leopard geckos
  9 orcs
  A ball python (D:1)
  5 giant cockroaches
  2 goblins (D:1)
  7 hobgoblins
  7 jackals
  6 kobolds
  3 bats (D:1)
  5 frilled lizards
  4 rats
69 creatures vanquished.

Notes
Turn   | Place    | Note
-------+----------+-------------------------------------------
     0 | D:1      | nht the Merfolk Berserker began the quest for the Orb.
     0 | D:1      | Reached XP level 1. HP: 18/18 MP: 1/1
    46 | D:1      | Reached XP level 2. HP: 23/24 MP: 2/2
    59 | D:1      | Reached skill level 4 in Long Blades
   234 | D:1      | Reached XP level 3. HP: 24/29 MP: 3/3
   256 | D:1      | You fall through a shaft!
   256 | D:2      | Noticed Jessica
   261 | D:2      | Killed Jessica
   261 | D:2      | Reached skill level 5 in Long Blades
   558 | D:2      | Reached XP level 4. HP: 26/35 MP: 4/4
   703 | D:2      | Reached ** piety under Trog
  1573 | D:3      | Noticed Grinder
  1581 | D:3      | Killed Grinder
  1581 | D:3      | Reached skill level 7 in Long Blades
  1581 | D:3      | Reached XP level 5. HP: 37/41 MP: 5/5
  1581 | D:3      | Reached XP level 6. HP: 42/47 MP: 6/6
  1866 | D:3      | Found an ancient bone altar of Kikubaaqudgha.
  1984 | D:3      | Found a bloodstained altar of Trog.
  1984 | D:3      | Found a sparkling altar of Nemelex Xobeh.
  2187 | D:4      | Reached skill level 8 in Long Blades
  2504 | D:4      | Found a deep blue altar of Sif Muna.
  2545 | D:4      | Found a staircase to the Ecumenical Temple.
  2673 | D:4      | Reached XP level 7. HP: 14/52 MP: 7/7
  3036 | D:4      | Reached *** piety under Trog
  3060 | D:4      | Reached skill level 9 in Long Blades
  3168 | D:4      | Noticed reteaz's ghost (amateur TrFi)
  3177 | D:4      | Slain by reteaz's ghost

Vault maps used:
D:1:      erik_arrival_gehennom
D:2:      uniq_jessica
D:3:      kiku_gazebo_pond_becter, gammafunk_temple_overflow_pools, uniq_grinder
D:4:      wad_crossroads, old_standard_altar, minmay_temple_entry_overgrown

Skill      XL: |  1  2  3  4  5  6  7 |
---------------+----------------------+-----
Long Blades    | 4 5 7 8 9 |  9.0
Fighting       | |  3.2
Armour         | |  1.3
Dodging        | |  2.6

Action                   |  1- 3 |  4- 6 |  7- 9 || total
-------------------------+-------+-------+-------++-------
Melee: Falchion          |    56 |   176 |    28 ||   260
Invok: Berserk           |     1 |     3 |     2 ||     6
  Use: Scroll            |       |     4 |     1 ||     5
 Stab: Sleeping          |     1 |     9 |       ||    10
  Eat: Chunk             |       |    11 |     5 ||    16
       Meat ration       |       |     1 |       ||     1
Armor: Animal skin       |    15 |    18 |       ||    33
Dodge: Dodged            |    49 |   104 |    12 ||   165
       Rpst.: Falchion   |    19 |    37 |     4 ||    60

Table legend:
 A = Spawn XP
 B = Non-spawn XP
 C = Spawn XP percentage of total XP
 D = Spawn monster count
 E = Non-spawn monster count
 F = Spawn count percentage of total count
 G = Total turns spent on level
                    A         B        C        D         E        F      G
               +---------+---------+-------+---------+---------+-------+---------
         Total |       0 |     809 |   0.0 |       0 |      69 |   0.0 |  3177
               +---------+---------+-------+---------+---------+-------+---------
           D:1 |       0 |      45 |   0.0 |       0 |      20 |   0.0 |   871
           D:2 |       0 |      73 |   0.0 |       0 |      15 |   0.0 |   630
           D:3 |       0 |     336 |   0.0 |       0 |      18 |   0.0 |   521
           D:4 |       0 |     355 |   0.0 |       0 |      16 |   0.0 |  1155
               +---------+---------+-------+---------+---------+-------+---------
